 Dungeon Crawl Stone Soup version 0.31-a0-851-g7ff8af7976 (webtiles) character file.

Game seed: 4668124516380808370

37317 RepHenryClay the Covert (level 13, -4/103 HPs)
             Began as a Gnoll Brigand on Oct 6, 2023.
             Was the Champion of Makhleb.
             Slain by an eight-headed hydra (10 damage)
             ... on level 2 of the Lair of Beasts on Oct 7, 2023.
             The game lasted 00:37:44 (16541 turns).

RepHenryClay the Covert (Gnoll Brigand)            Turns: 16541, Time: 00:37:44

Health: -4/103     AC: 14    Str: 12    XL:     13   Next: 95%
Magic:  25/25      EV: 17    Int: 10    God:    Makhleb [******]
Gold:   1238       SH:  0    Dex: 20    Spells: 26/29 levels left

rFire   . . .        a - +10 spear of Viny Responsibility {venom, Fragile rPois rC+ rCorr}
rCold   + . .        T - orb {light}
rNeg    + + .        R - +0 acid dragon scales
rPois   +            (helmet restricted)
rElec   .            c - +0 cloak
rCorr   +            z - +0 pair of gloves
SInv    .            y - +0 pair of boots
Will    .....        (no amulet)
Stlth   ++           k - ring of positive energy
HPRegen 0.37/turn    o - ring of positive energy
MPRegen 0.19/turn

%: no passive effects
@: glowing
A: fangs 1, strong nose, distributed training, horns 1, iridescent scales 1,
agile 1
a: Renounce Religion, Minor Destruction, Lesser Servant of Makhleb, Major
Destruction, Greater Servant of Makhleb


You were on level 2 of the Lair of Beasts.
You worshipped Makhleb.
Makhleb was exalted by your worship.
You visited 4 branches of the dungeon, and saw 18 of its levels.

You collected 1434 gold pieces.
You spent 196 gold pieces at shops.

Inventory:

Hand Weapons
 a - the +10 spear of Viny Responsibility (weapon) {venom, Fragile rPois rC+ rCorr}
   (You found it on level 6 of the Dungeon)

   rC+:       It protects you from cold.
   rPois:     It protects you from poison rCorr: It protects you from acid and
   corrosion.
   Fragile:   It will be destroyed if unequipped.
 b - a +3 vampiric falchion
 r - a +2 dagger
 A - a +1 war axe of flaming
 D - a +2 heavy falchion
 J - a +1 scimitar of pain
 N - the +3 spear of Prudence {spect, rN+ Will+ Str-4 Int+4}
   (You found it on level 8 of the Dungeon)

   Str-4:     It affects your strength (-4).
   Int+4:     It affects your intelligence (+4).
   rN+:       It protects you from negative energy.
   Will+:     It increases your willpower.
Missiles
 d - 30 poisoned darts
 e - 8 curare-tipped darts
 C - 2 throwing nets (quivered)
 P - 8 atropa-tipped darts
Armour
 c - a +0 cloak (worn)
 u - the +0 robe of Anaesthesia {rF+}
   (You found it on level 8 of the Dungeon)

   rF+:       It protects you from fire.
 y - a +0 pair of boots (worn)
 z - a +0 pair of gloves (worn)
 R - +0 acid dragon scales (worn)
 T - an orb of light (worn)
Jewellery
 f - an amulet of magic regeneration
 k - a ring of positive energy (left hand)
 o - a ring of positive energy (right hand)
 K - a ring of protection from cold
Wands
 p - a wand of quicksilver (4)
 v - a wand of polymorph (8)
 B - a wand of roots (20)
 H - a wand of mindburst (11)
Scrolls
 h - 2 scrolls of amnesia
 i - 3 scrolls of teleportation
 j - 2 scrolls of immolation
 l - 3 scrolls of enchant armour
 m - 2 scrolls of brand weapon
 q - 2 scrolls of enchant weapon
 w - 2 scrolls of vulnerability
 E - a scroll of fog
 M - a scroll of identify {@r1}
 O - a scroll of butterflies
Potions
 g - 2 potions of mutation
 n - 6 potions of brilliance
 s - a potion of ambrosia {unknown}
 t - 3 potions of degeneration
 x - 3 potions of might
 F - 2 potions of cancellation
 G - 3 potions of haste {unknown}
 I - a potion of lignification
 L - a potion of invisibility {unknown}
 Q - a potion of curing {unknown}


   Skills:
 + Level 10.1 Fighting
 + Level 10.1 Short Blades
 + Level 8.9 Long Blades
 + Level 8.9 Axes
 + Level 8.9 Maces & Flails
 + Level 8.9 Polearms
 + Level 8.9 Staves
 + Level 8.9 Ranged Weapons
 + Level 10.1 Throwing
 + Level 8.9 Armour
 + Level 9.3 Dodging
 + Level 11.7 Stealth
 + Level 8.9 Shields
 + Level 8.9 Unarmed Combat
 + Level 8.9 Spellcasting
 + Level 7.4 Conjurations
 + Level 7.4 Hexes
 + Level 7.4 Summonings
 + Level 7.4 Necromancy
 + Level 7.4 Translocations
 + Level 7.4 Transmutations
 + Level 7.4 Fire Magic
 + Level 7.4 Ice Magic
 + Level 7.4 Air Magic
 + Level 7.4 Earth Magic
 + Level 7.4 Poison Magic
 + Level 9.7 Invocations
 + Level 8.9 Evocations
 + Level 8.1 Shapeshifting


You had 26 spell levels left.
You knew the following spells:

 Your Spells              Type           Power      Damage    Failure   Level
a - Swiftness             Air            19%        N/A       3%          3

Your spell library contained the following spells:

 Spells                   Type           Power      Damage    Failure   Level
 Magic Dart               Conj           76%        1d6       1%          1
 Sting                    Tmut/Pois      76%        1d6       1%          1
 Ensorcelled Hibernation  Hex/Ice        38%        N/A       1%          2
 Jinxbite                 Hex            38%        N/A       1%          2
 Passwall                 Tmut/Erth      15%        N/A       1%          2
 Poisonous Vapours        Pois/Air       38%        N/A       1%          2
 Searing Ray              Conj           38%        2d5       1%          2
 Anguish                  Hex/Necr       9%         N/A       10%         4
 Fulminant Prism          Conj/Hex       9%         3d7       10%         4
 Leda's Liquefaction      Hex/Erth       9%         N/A       10%         4
 Olgreb's Toxic Radiance  Pois           19%        N/A       10%         4
 Vhi's Electric Charge    Tloc/Air       38%        N/A       10%         4
 Alistair's Intoxication  Tmut/Pois      12%        N/A       28%         5
 Arcjolt                  Conj/Air       9%         1d19      28%         5
 Borgnjor's Vile Clutch   Necr/Erth      9%         N/A       28%         5
 Lee's Rapid Deconstruct  Erth           9%         3d7*      28%         5
 Bombard                  Conj/Erth      9%         9d2       83%         6
 Eringya's Noxious Bog    Tmut/Pois      9%         4d6       83%         6
 Maxwell's Capacitive Co  Air            9%         ∞         100%        8


Dungeon Overview and Level Annotations

Branches:
Dungeon (13/15)            Temple (1/1) D:6            Lair (2/5) D:10
    Orc (2/2) D:12            Elf (0/3) Orc:2
  Swamp: Lair:2-3    Shoals: Lair:2-3     Snake: Lair:2-3    Spider: Lair:2-3
 Vaults: D:13-14

Altars:
Ashenzari
Cheibriados
Dithmenos
Elyvilon
Fedhas
Gozag
Hepliaklqana
Kikubaaqudgha
Makhleb
Nemelex Xobeh
Okawaru
Qazlal
Ru
Sif Muna
Trog
Uskayaw
Vehumet
Wu Jian
Xom
Yredelemnul
Zin
The Shining One

Shops:
D:3 *   D:5 *   D:6 (

Annotations:
D:3 gong
D:9 unfinished
D:11 exclusions: door and obsidian statue


Innate Abilities, Weirdness & Mutations

You have very sharp teeth.
Your uncanny sense of smell can sniff out nearby items.
Your experience applies equally to all skills.
You have a pair of small horns on your head.
You are partially covered in iridescent scales. (AC +2)
You are agile. (Dex +4, Str/Int -1)


Message History

Blood and souls for Makhleb!
Press ? for a list of commands and other information.
Okay, then.
Throw: 5 throwing nets
Press: ? - help, Q - select action, (/) - cycle Shift-Dir - straight line, f - eight-headed hydra
Aim: an eight-headed hydra (heavily wounded, haloed, 97% to hit, immune to nets)
You throw a throwing net.
The throwing net hits the eight-headed hydra.
The eight-headed hydra is too large for the net to hold!
The eight-headed hydra is heavily wounded.
Throw: 4 throwing nets
Press: ? - help, Q - select action, (/) - cycle Shift-Dir - straight line, f/p - eight-headed hydra
Aim: an eight-headed hydra (heavily wounded, haloed, 97% to hit, immune to nets)
You throw a throwing net.
The throwing net hits the eight-headed hydra.
The eight-headed hydra is too large for the net to hold!
The eight-headed hydra is heavily wounded.
The eight-headed hydra closely misses you.
The eight-headed hydra misses you. The eight-headed hydra bites you.
* * * LOW HITPOINT WARNING * * *
The eight-headed hydra closely misses you.
The eight-headed hydra misses you.
The eight-headed hydra completely misses you.
The eight-headed hydra closely misses you.
The eight-headed hydra bites you.
* * * LOW HITPOINT WARNING * * *
Huge Dmg: -8%(-8hp) hp: 6%(6hp) Welcome back, RepHenryClay the Gnoll Brigand.
Blood and souls for Makhleb!
Press ? for a list of commands and other information.
Throw: 3 throwing nets
Press: ? - help, Q - select action, (/) - cycle Shift-Dir - straight line, f - eight-headed hydra
Aim: an eight-headed hydra (heavily wounded, haloed, 97% to hit, immune to nets)
You throw a throwing net.
The throwing net hits the eight-headed hydra.
The eight-headed hydra is too large for the net to hold!
The eight-headed hydra is heavily wounded.
The eight-headed hydra bites you but does no damage.
The eight-headed hydra bites you!
You die...

#...#.##.......#..#.####..
.........#.#..............
##...###.####.##.......###.#
#.......... # #.#..[####...
##..####...# ##.....#....
#.## #...####......#...####
#.# #............#..#.....
... P...#...#..#.#.D......
##.. ....##.###@###Y†......
#.. #.##Y8D##..Y..8.8.
##..)YYY#[Y#...... ..#
##8.>Y....#...>.. #..##
#.....#..#..Y... ....
#..8.#...#..8.8. ... ∆
#######....Y.... .#
#........ . .##
.########.##..#..


You could see an eight-headed hydra and 5 yaks.

Vanquished Creatures
  Harold (Orc:1)
  A catoblepas (Lair:1)
  A hydra (D:8)
  A boulder beetle (D:11)
  7 two-headed ogres
  Sonja (D:13)
  A skeletal warrior (D:12)
  2 deep elf pyromancers
  2 orc sorcerers
  2 black mambas
  3 centaur zombies (D:10)
  5 cane toads (Lair:1)
  A gargoyle (D:11)
  Maggie (D:7)
  4 unseen horror zombies (D:10)
  5 kobold demonologists
  2 unseen horrors
  4 komodo dragons
  A rime drake (Lair:1)
  A freezing wraith (D:12)
  6 trolls
  Prince Ribbit (Lair:1)
  A meliai zombie (D:10)
  9 blink frogs
  5 slime creatures (D:12)
  2 water elementals (D:12)
  4 wyverns
  2 vampires (D:11)
  A shadow (D:11)
  3 wraiths
  A fire elemental (D:11)
  24 yaks
  Eustachio (D:6)
  3 basilisks (Lair:1)
  8 vampire mosquitoes
  2 steam dragons
  A warg (Orc:1)
  3 acid dragons
  5 water moccasins
  16 orc warriors
  5 ice beasts
  2 black bears
  10 centaurs
  4 ogres
  3 wolves (D:10)
  A phantom (D:6)
  6 kobold brigands
  6 bullfrogs
  A scorpion (D:4)
  8 wights
  21 killer bees
  7 electric eels
  6 howler monkeys
  A quasit (D:7)
  A human zombie (D:10)
  2 jellies (D:6)
  12 orc priests
  7 hounds
  3 sleepcaps (D:6)
  17 orc wizards
  3 iguanas
  A howler monkey zombie (D:10)
  A mummy (D:10)
  6 gnolls
  An adder (D:4)
  4 shadow imps
  5 white imps (D:7)
  6 ufetubi
  A worm (D:2)
  4 dart slugs
  52 orcs
  4 bats
  9 endoplasms
  4 giant cockroaches
  4 goblins
  10 hobgoblins
  4 jackals (D:5)
  2 quokkas
  4 ball pythons
  3 frilled lizards
  14 kobolds
  A rat (D:2)
410 creatures vanquished.

Notes
Turn   | Place    | Note
-------+----------+-------------------------------------------
     0 | D:1      | RepHenryClay the Gnoll Brigand began the quest for the Orb.
     0 | D:1      | Reached XP level 1. HP: 20/20 MP: 1/1
   180 | D:1      | Reached XP level 2. HP: 26/26 MP: 2/2
   542 | D:2      | Reached XP level 3. HP: 30/31 MP: 3/3
   668 | D:2      | Reached skill level 1 in Invocations
   756 | D:2      | Reached skill level 1 in Long Blades
   756 | D:2      | Reached skill level 1 in Axes
   756 | D:2      | Reached skill level 1 in Maces & Flails
   756 | D:2      | Reached skill level 1 in Polearms
   756 | D:2      | Reached skill level 1 in Staves
   756 | D:2      | Reached skill level 1 in Ranged Weapons
   756 | D:2      | Reached skill level 1 in Armour
   756 | D:2      | Reached skill level 1 in Shields
   756 | D:2      | Reached skill level 1 in Unarmed Combat
   756 | D:2      | Reached skill level 1 in Spellcasting
   756 | D:2      | Reached skill level 1 in Evocations
   764 | D:2      | Reached skill level 1 in Shapeshifting
   764 | D:2      | Reached XP level 4. HP: 21/38 MP: 5/5
  1015 | D:2      | You fall into a shaft and drop 1 floor!
  1319 | D:3      | Reached skill level 1 in Conjurations
  1319 | D:3      | Reached skill level 1 in Hexes
  1319 | D:3      | Reached skill level 1 in Summonings
  1319 | D:3      | Reached skill level 1 in Necromancy
  1319 | D:3      | Reached skill level 1 in Translocations
  1319 | D:3      | Reached skill level 1 in Transmutations
  1319 | D:3      | Reached skill level 1 in Fire Magic
  1319 | D:3      | Reached skill level 1 in Ice Magic
  1319 | D:3      | Reached skill level 1 in Air Magic
  1319 | D:3      | Reached skill level 1 in Earth Magic
  1319 | D:3      | Reached skill level 1 in Poison Magic
  1375 | D:3      | Reached XP level 5. HP: 43/43 MP: 5/7
  1512 | D:3      | Found a sacrificial altar of Ru.
  1799 | D:3      | Found Eloef's Assorted Antiques.
  2075 | D:4      | Reached skill level 8 in Stealth
  2216 | D:4      | Reached XP level 6. HP: 31/50 MP: 8/8
  2408 | D:4      | Reached skill level 5 in Fighting
  2408 | D:4      | Reached skill level 5 in Short Blades
  2408 | D:4      | Reached skill level 5 in Throwing
  2408 | D:4      | Gained mutation: You are partially covered in iridescent
                  | scales. (AC +2) [potion of mutation]
  2408 | D:4      | Gained mutation: You have a pair of small horns on your
                  | head. [potion of mutation]
  2408 | D:4      | Gained mutation: You are agile. (Dex +4, Str/Int -1)
                  | [potion of mutation]
  2618 | D:4      | Found a sparkling altar of Nemelex Xobeh.
  3055 | D:4      | Found a hide-covered altar of Uskayaw.
  3158 | D:5      | Entered Level 5 of the Dungeon
  3165 | D:5      | Noticed an ice beast
  3182 | D:5      | Killed an ice beast
  3183 | D:5      | Reached XP level 7. HP: 35/56 MP: 10/10
  3306 | D:5      | Found Xyas's General Store.
  3313 | D:5      | Bought a scroll of identify for 28 gold pieces
  3313 | D:5      | Bought a scroll of teleportation for 42 gold pieces
  3313 | D:5      | Bought a +0 pair of boots for 63 gold pieces
  3313 | D:5      | Bought a +0 pair of gloves for 63 gold pieces
  3711 | D:6      | Noticed Eustachio
  3717 | D:6      | Killed Eustachio
  3718 | D:6      | Found Ihidi's Antique Weapon Shop.
  3852 | D:6      | Reached XP level 8. HP: 59/63 MP: 12/12
  3875 | D:6      | Identified the +10 spear of Viny Responsibility {venom,
                  | Fragile rPois rC+ rCorr}
  4128 | D:6      | Found a staircase to the Ecumenical Temple.
  4137 | Temple   | Entered the Ecumenical Temple
  4163 | Temple   | Became a worshipper of Makhleb the Destroyer
  4512 | D:7      | Noticed a gargoyle
  4513 | D:7      | Noticed a manticore
  4617 | D:7      | Reached XP level 9. HP: 67/69 MP: 14/14
  4909 | D:7      | Reached skill level 5 in Dodging
  4925 | D:7      | Reached skill level 9 in Stealth
  5128 | D:7      | Reached * piety under Makhleb
  5155 | D:7      | Noticed Maggie
  5164 | D:7      | Killed Maggie
  5165 | D:7      | Reached skill level 5 in Invocations
  5350 | D:8      | Identified the +0 robe of Anaesthesia {rF+}
  5471 | D:8      | Reached XP level 10. HP: 75/77 MP: 17/17
  5488 | D:8      | Reached skill level 5 in Long Blades
  5488 | D:8      | Reached skill level 5 in Axes
  5488 | D:8      | Reached skill level 5 in Maces & Flails
  5488 | D:8      | Reached skill level 5 in Polearms
  5488 | D:8      | Reached skill level 5 in Staves
  5488 | D:8      | Reached skill level 5 in Ranged Weapons
  5488 | D:8      | Reached skill level 5 in Armour
  5488 | D:8      | Reached skill level 5 in Shields
  5488 | D:8      | Reached skill level 5 in Unarmed Combat
  5488 | D:8      | Reached skill level 5 in Spellcasting
  5488 | D:8      | Reached skill level 5 in Evocations
  5489 | D:8      | Reached ** piety under Makhleb
  5612 | D:8      | Noticed a two-headed ogre
  5624 | D:8      | Killed a two-headed ogre
  6015 | D:8      | Found a shadowy altar of Dithmenos.
  6015 | D:8      | Found an ornate altar of the Wu Jian Council.
  6468 | D:8      | Noticed a six-headed hydra
  6483 | D:8      | Killed a six-headed hydra
  6484 | D:8      | Reached skill level 5 in Shapeshifting
  6517 | D:8      | Identified the +3 spear of Prudence {spect, rN+ Will+ Str-4
                  | Int+4}
  6696 | D:8      | Noticed a two-headed ogre
  6702 | D:8      | Killed a two-headed ogre
  6703 | D:8      | Reached XP level 11. HP: 82/84 MP: 19/19
  6794 | D:9      | Noticed a two-headed ogre
  6804 | D:9      | Killed a two-headed ogre
  6805 | D:9      | Reached skill level 10 in Stealth
  6805 | D:9      | Reached skill level 5 in Conjurations
  6805 | D:9      | Reached skill level 5 in Hexes
  6805 | D:9      | Reached skill level 5 in Summonings
  6805 | D:9      | Reached skill level 5 in Necromancy
  6805 | D:9      | Reached skill level 5 in Translocations
  6805 | D:9      | Reached skill level 5 in Transmutations
  6805 | D:9      | Reached skill level 5 in Fire Magic
  6805 | D:9      | Reached skill level 5 in Ice Magic
  6805 | D:9      | Reached skill level 5 in Air Magic
  6805 | D:9      | Reached skill level 5 in Earth Magic
  6805 | D:9      | Reached skill level 5 in Poison Magic
  6826 | D:9      | Learned a level 3 spell: Swiftness
  7125 | D:9      | Noticed a deep elf pyromancer
  7138 | D:9      | Killed a deep elf pyromancer
  7496 | D:9      | Noticed a two-headed ogre
  7549 | D:9      | Killed a two-headed ogre
  7549 | D:9      | Reached *** piety under Makhleb
  7920 | D:9      | Found a stormy altar of Qazlal.
  8070 | D:10     | Entered Level 10 of the Dungeon
  8527 | D:10     | Found a shimmering altar of Xom.
  8639 | D:10     | Found a staircase to the Lair.
  9003 | D:10     | Reached **** piety under Makhleb
  9026 | D:10     | Reached XP level 12. HP: 90/94 MP: 22/22
  9060 | D:10     | Found a basalt altar of Yredelemnul.
  9269 | D:10     | Noticed a two-headed ogre
  9279 | D:10     | Killed a two-headed ogre
  9458 | D:11     | Noticed a two-headed ogre
  9468 | D:11     | Killed a two-headed ogre
  9693 | D:11     | Noticed a boulder beetle
  9706 | D:11     | Killed a boulder beetle
 10250 | D:11     | Noticed a two-headed ogre
 10527 | D:11     | Killed a two-headed ogre
 10948 | D:12     | Found a staircase to the Orcish Mines.
 11224 | D:12     | Noticed a soul eater
 11294 | D:12     | Reached skill level 11 in Stealth
 12390 | D:12     | Reached XP level 13. HP: 101/101 MP: 23/25
 12563 | D:13     | Noticed Sonja
 12570 | D:13     | Killed Sonja
 12964 | D:12     | Found a shadowy altar of Dithmenos.
 13325 | Orc:1    | Entered Level 1 of the Orcish Mines
 13409 | Orc:2    | Entered Level 2 of the Orcish Mines
 13414 | Orc:2    | Reached ***** piety under Makhleb
 13469 | Orc:2    | Paralysed by an orc sorcerer for 4 turns
 13508 | Orc:1    | Noticed Harold
 13959 | Orc:1    | Killed Harold
 14808 | Lair:1   | Entered Level 1 of the Lair of Beasts
 15334 | Lair:1   | Noticed Prince Ribbit
 15345 | Lair:1   | Killed Prince Ribbit
 16146 | Lair:1   | Reached skill level 10 in Fighting
 16146 | Lair:1   | Reached skill level 10 in Short Blades
 16146 | Lair:1   | Reached skill level 10 in Throwing
 16259 | Lair:2   | Reached ****** piety under Makhleb
 16541 | Lair:2   | Slain by an eight-headed hydra

Illustrated notes

Levels and vault maps discovered:
D:1:      dpeg_arrival_stonehenge_8_columns, layout_rooms,
          minmay_misc_feat_roman, minmay_tromino_v4_a
D:2:      layout_rooms
D:3:      layout_basic, amcnicky_altar_gilded, serial_shops,
          nicolae_shop_pleasant_corner_grove
D:4:      layout_cave_pools, mainiacjoe_overflow_large_starburst, serial_forest,
          infiniplex_forest_straight_5, infiniplex_forest_end_double,
          infiniplex_forest_clump_tiny, infiniplex_forest_clump_diagonal,
          infiniplex_forest_clump_medium, infiniplex_forest_clump_long,
          infiniplex_forest_straight_4, grunt_ministairs_3
D:5:      layout_basic, serial_shops, shop
D:6:      layout_rooms, temple_doors_cd, serial_shops,
          nicolae_shop_temple_entry_statues_fountains, uniq_eustachio
D:7:      layout_rooms, serial_demonic, serial_demonic_f, serial_demonic_c,
          serial_demonic_g, serial_demonic_f, glass_columns_a,
          lightli_corner_chamber, uniq_maggie
D:8:      kennysheep_big_flooded_room, layout_basic,
          gammafunk_temple_overflow_elements, minmay_misc_feat_pillars
D:9:      statuecave_lemuel, layout_loops_ring, kennysheep_mini_moat,
          grunt_decor_mini_mirrors
D:10:     layout_stronghold, lemuel_mausoleum_altar_yredelemnul,
          nicolae_overflow_hidden_temple, erik_lair_island, st_stairs_3
D:11:     layout_cave_pools, minivault_16, hangedman_incinerator
D:12:     layout_basic, orc_0_dummy, st_stairs_8,
          grunt_dithmenos_smoke_and_mirrors
D:13:     layout_cave_pools, special_room [special_room_orc], uniq_sonja,
          uniq_frances
Temple:   compressed_dpeg_circular_temple
Lair:1:   layout_chaotic_city, grunt_forest_stairs_basic,
          chequers_serial_rivers_large_a, uniq_prince_ribbit2
Lair:2:   layout_loops_ring, skrybe_swamp_entry_bodies, grunt_megastairs_2,
          lemuel_fruit_tree
Orc:1:    layout_caves, mines2_lemuel, uniq_harold
Orc:2:    grunt_orc_gardens, layout_diamond_mine, grunt_orc_garden,
          grunt_orc_garden, grunt_orc_garden, grunt_orc_garden,
          nicolae_specific_store

Skill      XL: |  1  2  3  4  5  6  7  8  9 10 11 12 13 |
---------------+----------------------------------------+-----
Invocations    | 1 2 3 4 5 6 7 8 9 |  9.7
Long Blades    | 1 2 3 4 5 6 8 |  8.9
Axes           | 1 2 3 4 5 6 8 |  8.9
Maces & Flails | 1 2 3 4 5 6 8 |  8.9
Polearms       | 1 2 3 4 5 6 8 |  8.9
Staves         | 1 2 3 4 5 6 8 |  8.9
Ranged Weapons | 1 2 3 4 5 6 8 |  8.9
Armour         | 1 2 3 4 5 6 8 |  8.9
Shields        | 1 2 3 4 5 6 8 |  8.9
Unarmed Combat | 1 2 3 4 5 6 8 |  8.9
Spellcasting   | 1 2 3 4 5 6 8 |  8.9
Evocations     | 1 2 3 4 5 6 8 |  8.9
Shapeshifting  | 1 2 3 4 5 6 7 8 |  8.1
Conjurations   | 1 2 3 4 5 6 7 |  7.4
Hexes          | 1 2 3 4 5 6 7 |  7.4
Summonings     | 1 2 3 4 5 6 7 |  7.4
Necromancy     | 1 2 3 4 5 6 7 |  7.4
Translocations | 1 2 3 4 5 6 7 |  7.4
Transmutations | 1 2 3 4 5 6 7 |  7.4
Fire Magic     | 1 2 3 4 5 6 7 |  7.4
Ice Magic      | 1 2 3 4 5 6 7 |  7.4
Air Magic      | 1 2 3 4 5 6 7 |  7.4
Earth Magic    | 1 2 3 4 5 6 7 |  7.4
Poison Magic   | 1 2 3 4 5 6 7 |  7.4
Dodging        | 3 4 5 6 7 8 9 |  9.3
Stealth        | 8 9 10 11 | 11.7
Fighting       | 5 6 7 8 9 10 | 10.1
Short Blades   | 5 6 7 8 9 10 | 10.1
Throwing       | 5 6 7 8 9 10 | 10.1

Action                     |  1- 3 |  4- 6 |  7- 9 | 10-12 | 13-15 || total
---------------------------+-------+-------+-------+-------+-------++-------
  Melee: Dagger            |    76 |   156 |       |       |       ||   232
         Punch             |     2 |     3 |     3 |    42 |     2 ||    52
         Bite              |     6 |    18 |    18 |    90 |    81 ||   213
         Headbutt          |       |    16 |    30 |   155 |   142 ||   343
         Falchion          |       |       |    37 |       |       ||    37
         Spear             |       |       |   168 |   660 |   487 ||  1315
  Throw: Dart              |     9 |    21 |     6 |    16 |       ||    52
         Throwing net      |       |       |       |       |     3 ||     3
 Invoke: Minor Destruction |       |       |       |    17 |     2 ||    19
  Evoke: Wand              |       |     4 |     4 |     6 |     9 ||    23
    Use: Potion            |       |     3 |       |     3 |     3 ||     9
         Scroll            |       |       |     8 |     5 |    10 ||    23
   Stab: Sleeping          |     6 |    12 |    11 |    25 |     4 ||    58
         Distracted        |       |       |     1 |     1 |       ||     2
 Armour: Robe              |    35 |     4 |       |       |       ||    39
         Ring mail         |       |    72 |    85 |       |       ||   157
         Skin              |       |    19 |       |       |       ||    19
         Steam dragon scal |       |       |    43 |   245 |       ||   288
         Acid dragon scale |       |       |       |   210 |   262 ||   472
  Dodge: Dodged            |    34 |    60 |   110 |   512 |   289 ||  1005

Table legend: (Time is in decaauts)
 A = Elapsed time spent in this place.
 B = Non-inter-level travel time spent in this place.
 C = Inter-level travel time spent in this place.
 D = Time resting spent in this place.
 E = Time spent auto-exploring this place.
 F = Levels seen in this place.
 G = Mean time per level.
                   A        B        C        D        E       F      G
               +--------+--------+--------+--------+--------+-----+--------+
         Total |  16231 |  15448 |    783 |   2623 |   9361 |  18 |  901.7 |
       Dungeon |  13379 |  12835 |    544 |   2317 |   7658 |  13 | 1029.2 |
        Temple |     52 |      2 |     50 |      0 |      0 |   1 |   52.0 |
          Lair |   1666 |   1570 |     96 |     33 |   1207 |   2 |  833.0 |
  Orcish Mines |   1131 |   1039 |     92 |    272 |    496 |   2 |  565.5 |
               +--------+--------+--------+--------+--------+-----+--------+

Top non-repeatable levels by time:
    D:12: 2331 daAuts
    D:10: 2208 daAuts
  Lair:1: 1349 daAuts
     D:8: 1301 daAuts
     D:9: 1301 daAuts
     D:4: 1083 daAuts
   Orc:1: 982 daAuts
     D:6: 851 daAuts
     D:7: 836 daAuts
     D:3: 807 daAuts
    D:11: 803 daAuts
     D:2: 709 daAuts
     D:5: 539 daAuts
     D:1: 499 daAuts
  Lair:2: 317 daAuts
